Map: Blueshift LE

Players

Denver

  • Race: Zerg Zerg
  • Spawn Location: 7:00

uThermaL - Winner!

  • Race: Terran Terran
  • Spawn Location: 1:00

Event: WCS Montreal 2018

VOD

Have the link to the VOD?

Description

Time

  • Played on: Sept. 8, 2018, 4:20 p.m.
  • Length: 17:18

All games in this series

Show
View Real Time Build Order
Export as new Build Order

Denver Zerg 

Build Orders: Pool First 

Get SALT Encoding   

  12  0:00  Drone  
  13  0:12  Overlord  
  13  0:17  Drone  
  14  0:30  Drone x2  
  16  0:40  Spawning Pool  
  15  0:43  Drone  
  15  0:48  Drone  
  17  1:10  Hatchery  
  16  1:13  Drone  
  17  1:27  Zergling x4  
  17  1:28  Zergling x2  
  17  1:30  Queen  
  22  1:36  Extractor  
  22  1:39  Overlord  
  21  1:50  Drone  
  23  2:01  Drone  
  23  2:06  Queen  
  25  2:12  Drone  
  26  2:22  Queen, Drone x2  
  30  2:32  Drone  
  30  2:35  Metabolic Boost  
  31  2:39  Drone x2  
  33  2:54  Hatchery  
  33  2:56  Drone  
  33  2:58  Drone  
  33  3:02  Drone  
  33  3:03  Drone  
  36  3:08  Overlord  
  36  3:13  Overlord  
  36  3:27  Drone x6  
  37  3:32  Overlord  
  42  3:38  Zergling x4  
  44  3:45  Zergling x2, Baneling Nest  
  44  3:55  Drone x4  
  43  3:58  Drone  
  42  4:03  Drone x2  
  42  4:07  Drone x2  
  46  4:13  Drone x2  
  48  4:17  Drone  
  48  4:22  Lair  
  49  4:24  Drone  
  49  4:25  Drone  
  49  4:30  Spore Crawler  
  50  4:35  Queen  
  52  4:40  Drone x2  
  52  4:41  Spore Crawler  
  52  4:42  Drone x2  
  55  4:49  Drone  
  55  4:54  Zergling x4  
  55  4:55  Drone  
  55  4:56  Drone x3  
  61  5:04  Drone x3  
  61  5:05  Drone  
  63  5:09  Drone x2  
  63  5:14  Drone x3  
  65  5:17  Overlord  
  65  5:20  Overlord  
  66  5:22  Extractor  
  66  5:24  Drone  
  66  5:29  Drone x2, Evolution Chamber  
  66  5:30  Drone  
  66  5:33  Drone  
  66  5:39  Drone x3  
  66  5:42  Centrifical Hooks  
  69  5:45  Drone x2, Evolution Chamber  
  70  5:50  Drone x2  
  70  5:51  Drone  
  70  5:53  Overlord  
  73  5:58  Overlord, Drone  
  73  6:01  Zerg Ground Armor Level 1  
  73  6:04  Extractor  
  73  6:06  Extractor  
  73  6:07  Drone  
  73  6:08  Drone  
  73  6:09  Overlord  
  74  6:14  Zergling x10  
  74  6:15  Zergling x2  
  74  6:16  Drone  
  81  6:19  Zerg Melee Weapons Level 1  
  81  6:22  Drone x4  
  85  6:28  Drone x4  
  85  6:30  Overlord  
  89  6:33  Overlord  
  88  6:42  Hatchery  
  88  6:44  Zergling x10  
  92  6:48  Extractor  
  92  6:49  Zergling x4  
  92  6:51  Zergling x8  
  97  6:59  Zergling x12  
  102  7:01  Overlord  
  102  7:07  Zergling x2  
  103  7:10  Drone  
  103  7:12  Hatchery, Baneling x2  
  103  7:13  Baneling x6  
  103  7:16  Zergling x2  
  103  7:17  Zergling x2  
  103  7:18  Baneling x3  
  103  7:20  Zergling x6  
  103  7:21  Baneling  
  103  7:22  Baneling x2  
  108  7:23  Baneling  
  108  7:28  Baneling x10  
  109  7:30  Zergling x2  
  91  7:37  Zergling x14  
  91  7:43  Baneling x4  
  94  7:47  Zergling x6  
  88  7:52  Zergling x2  
  88  7:53  Zergling x12  
  88  7:56  Baneling x11  
  93  8:00  Zergling x8  
  93  8:04  Zergling x6  
  100  8:08  Zergling x6  
  102  8:16  Zergling x2  
  102  8:17  Zergling x6  
  102  8:18  Zerg Ground Armor Level 2  
  100  8:20  Zerg Melee Weapons Level 2  
  100  8:24  Drone x4  
  104  8:29  Zergling x8  
  109  8:34  Zergling x4  
  109  8:35  Baneling  
  109  8:36  Baneling x6  
  109  8:38  Drone x3  
  113  8:42  Extractor  
  113  8:43  Zergling x6  
  113  8:46  Zergling x6  
  113  8:47  Spore Crawler  
  117  8:52  Zergling x10  
  120  8:59  Hydralisk Den  
  118  9:03  Zergling x16  
  118  9:04  Zergling x2  
  118  9:06  Overlord  
  118  9:09  Overlord  
  127  9:12  Queen  
  129  9:22  Baneling x4  
  129  9:23  Overlord, Baneling  
  129  9:24  Zergling x2  
  129  9:25  Zergling x14  
  129  9:30  Overlord  
  137  9:32  Grooved Spines  
  137  9:35  Overlord, Baneling  
  137  9:36  Baneling x4  
  137  9:38  Burrow  
  137  9:41  Zergling x6  
  137  9:43  Overlord  
  140  9:45  Drone x2  
  140  9:46  Drone  
  140  9:47  Drone  
  140  9:51  Hydralisk x2  
  147  9:56  Zergling x10  
  146  10:00  Overlord x2  
  146  10:01  Pneumatized Carapace  
  146  10:05  Hydralisk x2  
  150  10:08  Overlord  
  150  10:11  Hydralisk x2  
  154  10:17  Zergling x12  
  160  10:26  Zergling x16  
  168  10:31  Baneling  
  168  10:32  Baneling x14  
  166  10:43  Muscular Augments  
  166  10:48  Zergling x2  
  166  10:49  Zergling x22  
  162  10:53  Hatchery  
  137  10:58  Hydralisk x5  
  137  11:02  Zergling x6  
  140  11:08  Zergling x12  
  146  11:12  Hydralisk x2  
  149  11:19  Hydralisk x3  
  149  11:24  Zergling x4  
  152  11:29  Hydralisk x2  
  152  11:30  Hydralisk  
  155  11:35  Zergling x8  
  159  11:40  Zergling x4  
  159  11:45  Hydralisk x5  
  159  11:46  Zergling x2  
  169  11:53  Baneling x11  
  168  11:55  Baneling x3  
  168  11:58  Overlord  
  168  12:05  Zergling x2  
  168  12:06  Zergling x10  
  168  12:07  Baneling x3  
  168  12:08  Baneling  
  172  12:19  Zergling x18  
  162  12:26  Zergling x10  
  165  12:33  Zergling x16  
  173  12:42  Zergling x16  
  154  12:49  Queen  
  154  12:50  Hydralisk x4  
  157  12:56  Baneling x11  
  157  12:57  Baneling x2  
  157  12:58  Baneling x2  
  157  12:59  Baneling  
  157  13:00  Baneling  
  157  13:07  Overseer  
  157  13:08  Zergling x16  
  162  13:15  Overlord  
  161  13:22  Zergling x22  
  168  13:31  Zergling x2  
  168  13:32  Zergling x12  
  168  13:33  Baneling  
  168  13:34  Baneling x4  
  169  13:41  Zergling x8  
  154  13:49  Drone x4  
  154  13:54  Hydralisk x3  
  164  13:57  Baneling x5  
  164  14:01  Zergling x8  
  164  14:02  Baneling x2  
  168  14:03  Baneling x2  
  168  14:04  Baneling  
  165  14:11  Zergling x12  
  165  14:15  Baneling x3  
  171  14:23  Zergling x22  
  178  14:28  Zergling x8  
  182  14:37  Zergling x12  
  176  14:51  Zergling x18  
  176  14:52  Zergling x4  
  166  15:02  Zergling x10  
  166  15:06  Baneling x16  
  165  15:10  Zergling x6  
  142  15:15  Zergling x4  
  142  15:18  Zergling x4  
  142  15:19  Queen  
  144  15:25  Zergling x6  
  145  15:28  Hydralisk  
  145  15:29  Hydralisk  
  145  15:33  Hydralisk x3  
  154  15:41  Hydralisk x4  
  162  15:49  Zergling x2  
  160  15:50  Zergling x2  
  118  16:04  Zergling x16  
  118  16:10  Zergling x2  
  115  16:15  Zergling x8, Baneling x5  
  115  16:16  Queen x2  
  121  16:21  Zergling x2  
  121  16:22  Baneling x16  
  121  16:24  Zergling x8  
  101  16:33  Zergling x2  
  101  16:34  Zergling x4  
Show
View Real Time Build Order
Export as new Build Order

uThermaL Terran - Winner!

Build Orders: Liberator Opening, Reaper Expand, Bio Tank 

Get SALT Encoding   

  12  0:01  SCV  
  13  0:13  SCV  
  14  0:17  Supply Depot  
  14  0:25  SCV  
  15  0:38  SCV  
  15  0:41  Barracks  
  16  0:44  Refinery  
  16  0:50  SCV  
  17  1:03  SCV  
  18  1:15  SCV  
  19  1:28  Reaper, Orbital Command  
  20  1:40  Command Center  
  20  1:51  Supply Depot  
  20  1:53  SCV  
  21  2:00  Marine  
  22  2:06  SCV  
  23  2:09  Factory  
  23  2:17  Refinery  
  23  2:18  SCV  
  23  2:21  Barracks Reactor  
  24  2:30  SCV  
  25  2:43  SCV  
  26  2:52  Orbital Command  
  26  2:56  Starport  
  26  2:59  SCV  
  26  3:03  Hellion x2  
  31  3:05  Barracks Tech Lab  
  31  3:11  SCV  
  32  3:15  Liberator  
  32  3:17  Supply Depot  
  32  3:18  SCV  
  33  3:23  SCV  
  33  3:24  Hellion  
  33  3:26  Hellion  
  41  3:34  SCV  
  41  3:35  SCV  
  43  3:47  Hellion x2  
  43  3:48  SCV  
  48  3:54  SCV  
  47  4:07  SCV  
  47  4:08  Command Center  
  46  4:12  SCV  
  46  4:13  Supply Depot  
  46  4:18  Marine  
  46  4:19  Stimpack  
  46  4:21  SCV  
  46  4:22  Factory Tech Lab  
  48  4:24  SCV  
  48  4:26  Starport Reactor  
  48  4:27  Barracks  
  48  4:30  Barracks  
  49  4:33  SCV  
  49  4:36  Marine, SCV  
  52  4:42  Siege Tank  
  52  4:45  Supply Depot  
  55  4:50  SCV  
  56  4:53  Marine  
  56  4:55  Engineering Bay, SCV  
  56  4:56  Engineering Bay  
  58  5:01  Refinery x2  
  58  5:08  SCV  
  59  5:14  Starport Reactor  
  59  5:15  Siege Tank  
  59  5:16  Marine x2  
  59  5:20  Orbital Command  
  64  5:25  Terran Infantry Weapons Level 1  
  64  5:26  Terran Infantry Armor Level 1  
  64  5:29  SCV  
  64  5:35  Marine, SCV  
  63  5:36  Marine x2  
  63  5:42  Marine x2  
  68  5:46  Orbital Command  
  68  5:48  Siege Tank, SCV  
  72  5:53  Marine  
  72  5:54  Marine x2  
  72  5:55  SCV  
  76  5:57  Medivac  
  76  5:58  Medivac  
  76  6:00  Marine x2, SCV  
  76  6:01  Supply Depot  
  83  6:07  SCV  
  84  6:11  SCV  
  84  6:12  Supply Depot  
  85  6:20  Supply Depot  
  85  6:23  Combat Shields, Siege Tank, Marine x3, SCV x2  
  93  6:31  Supply Depot  
  93  6:34  SCV, Marine x2, Medivac  
  93  6:37  SCV  
  99  6:40  Supply Depot  
  99  6:41  SCV  
  99  6:42  Marine  
  99  6:43  Barracks x2  
  99  6:46  SCV  
  102  6:49  Armory  
  102  6:52  Refinery  
  102  6:54  Refinery, Factory  
  102  6:56  SCV  
  102  6:57  Marine x2  
  102  7:00  Medivac  
  107  7:03  SCV  
  107  7:05  Marine  
  109  7:09  Marine x2, SCV  
  109  7:11  Supply Depot, Medivac  
  109  7:14  SCV  
  115  7:16  Marine x2  
  115  7:17  SCV  
  115  7:19  Supply Depot  
  115  7:22  Marine  
  118  7:26  SCV  
  118  7:27  Siege Tank, Marine x2  
  125  7:33  Marine  
  125  7:36  Marine  
  111  7:44  Supply Depot, Factory Tech Lab, Barracks Reactor  
  105  7:45  Barracks Reactor  
  95  7:52  Marine x2  
  95  7:55  Marine x2  
  95  7:56  Terran Infantry Weapons Level 2  
  95  7:57  SCV  
  95  7:58  Supply Depot  
  99  7:59  Siege Tank  
  99  8:00  Marine  
  99  8:03  Terran Infantry Armor Level 2  
  103  8:07  SCV  
  103  8:10  Marine x2  
  103  8:11  Siege Tank  
  109  8:13  Marine x2  
  109  8:17  Marine  
  105  8:20  Medivac  
  105  8:22  Terran Vehicle Weapons Level 1  
  105  8:24  Marine x3, SCV x2  
  112  8:28  Marine x2  
  112  8:29  Marine  
  112  8:31  Marine x2  
  112  8:32  Siege Tank  
  120  8:38  Supply Depot  
  120  8:39  Supply Depot  
  120  8:43  Siege Tank, Marine x2  
  120  8:45  Marine x2  
  127  8:53  Marine x2  
  127  8:55  Marine  
  129  8:56  Supply Depot, Marine  
  129  8:59  Medivac  
  132  9:03  Supply Depot, Marine  
  132  9:04  Siege Tank, Marine  
  132  9:07  Marine  
  132  9:08  Marine  
  132  9:09  Marine  
  140  9:15  Marine x2  
  142  9:20  Marine  
  142  9:23  Siege Tank  
  146  9:25  Medivac  
  146  9:26  Marine  
  146  9:29  Medivac  
  151  9:31  Marine  
  151  9:34  Command Center  
  151  9:36  Sensor Tower, Marine x2  
  154  9:39  Marine  
  154  9:41  Siege Tank  
  158  9:47  Marine x2  
  158  9:48  Marine  
  161  9:55  Siege Tank, Medivac  
  161  9:56  Marine x2  
  161  9:58  Marine  
  161  9:59  Marine  
  162  10:04  Marine x2  
  162  10:05  Marine  
  165  10:07  Marine  
  165  10:11  Marine  
  165  10:13  Siege Tank, Marine  
  171  10:14  Terran Infantry Weapons Level 3, Marine  
  171  10:16  Marine x2  
  174  10:22  Marine  
  174  10:27  Siege Tank  
  178  10:30  Marine x2  
  178  10:32  Marine  
  181  10:37  Marine x2  
  181  10:39  Marine x2  
  181  10:41  Marine  
  186  10:45  Siege Tank  
  186  10:46  Marine  
  186  10:47  Marine  
  186  10:48  Marine  
  175  10:50  Marine  
  175  10:55  Marine  
  172  10:58  Marine  
  172  10:59  Siege Tank  
  172  11:00  Marine x2  
  170  11:05  Marine x2  
  170  11:07  Marine  
  170  11:09  Marine  
  170  11:10  Marine  
  175  11:13  Marine  
  175  11:16  Marine  
  175  11:17  Siege Tank  
  175  11:18  Marine x2  
  182  11:23  Marine x2  
  183  11:25  Marine  
  183  11:27  Marine  
  183  11:28  Marine  
  183  11:31  Marine  
  183  11:32  Siege Tank  
  186  11:34  Marine  
  186  11:35  Marine  
  186  11:36  Marine  
  181  11:40  Medivac x2  
  181  11:41  Marine x2  
  181  11:42  SCV  
  181  11:43  SCV x2  
  181  11:47  Marine  
  190  11:49  Siege Tank  
  194  11:54  Planetary Fortress  
  194  11:56  Marine, SCV  
  194  11:58  Marine x2, SCV  
  199  12:01  Marine  
  199  12:07  Terran Infantry Armor Level 3  
  199  12:12  Marine  
  200  12:20  Marine  
  189  12:24  Siege Tank, Marine x2, SCV x2  
  189  12:25  SCV  
  189  12:28  Marine x2  
  197  12:30  Medivac  
  197  12:31  Marine  
  200  12:41  Marine  
  175  12:46  Siege Tank, Marine  
  175  12:47  Marine, Liberator  
  175  12:48  Marine x2  
  175  12:50  Marine x2, Liberator  
  163  12:55  Marine x2  
  163  12:57  Siege Tank, Sensor Tower  
  172  13:13  Marine x2  
  172  13:14  Marine  
  172  13:15  Marine x2  
  172  13:17  Marine x2  
  172  13:19  Siege Tank  
  182  13:24  Marine  
  183  13:29  Marine  
  183  13:31  Marine  
  183  13:33  Liberator  
  181  13:41  Siege Tank, Marine x2  
  184  13:43  Marine  
  187  13:50  Command Center  
  187  13:51  Siege Tank  
  187  13:53  Marine  
  194  14:00  Marine  
  195  14:02  Marine  
  196  14:13  Siege Tank  
  196  14:14  Marine  
  200  14:27  Marine  
  196  14:42  Marine  
  196  14:43  Marine x2  
  196  14:45  Marine  
  199  14:49  Marine x2  
  199  14:51  Marine  
  200  14:54  Marine x2  
  200  14:57  Orbital Command  
  200  14:59  Siege Tank x2  
  181  15:00  Marine  
  181  15:01  Marine x2, Liberator x2  
  181  15:03  Marine  
  166  15:07  Marine x2  
  166  15:09  Marine  
  166  15:11  Marine  
  166  15:12  Marine  
  139  15:18  Marine  
  139  15:19  Marine x2  
  139  15:20  SCV  
  139  15:21  Marine  
  149  15:24  SCV  
  149  15:25  Marine x2  
  149  15:27  Marine  
  154  15:29  Marine x2  
  154  15:31  Siege Tank  
  154  15:33  SCV  
  154  15:34  SCV  
  161  15:36  Marine  
  161  15:37  Marine x2  
  161  15:38  SCV  
  161  15:39  Marine  
  161  15:42  Marine x2  
  163  15:44  Marine  
  163  15:47  Marine x2  
  168  15:53  Marine  
  168  15:54  Marine  
  168  15:55  Marine  
  168  15:56  Marine  
  172  16:03  Siege Tank  
  172  16:04  Marine  
  147  16:06  Marine  
  147  16:08  Marine  
  147  16:09  Marine  
  134  16:22  Marine  
  134  16:23  Marine  
  136  16:32  Marine  
  127  16:35  Siege Tank  
  127  16:36  Marine  
  121  16:40  Marine  
  121  16:41  Marine  
  121  16:43  Marine  
  121  16:44  Marine  
  125  16:47  Marine  
  125  16:49  Marine  
  127  16:54  Marine x2  
Tags
 
Add a new tag
Caveats
  • Supply blocks, unpowered buildings, or Contaminate may cause inaccurate times.
  • Supply counts are checked every 10 seconds.